 Dungeon Crawl Stone Soup version 0.21.1-1-g345015fe64 (webtiles) character file.

743 Peloso the Slasher (level 7, -1/54 HPs)
             Began as a Demonspawn Fighter on June 20, 2018.
             Slain by Menkaure (15 damage)
             ... on level 5 of the Dungeon.
             The game lasted 00:08:02 (3079 turns).

Peloso the Slasher (Demonspawn Fighter)             Turns: 3079, Time: 00:08:03

Health: -1/54      AC:  9    Str: 18    XL:     7   Next: 47%
Magic:  7/7        EV:  8    Int:  9    God:
Gold:   110        SH: 11    Dex: 17    Spells: 6/6 levels left

rFire    . . .     SeeInvis .   a - +1 long sword
rCold    . . .     Gourm    .   c - +1 shield
rNeg     . . .     Faith    .   b - +0 scale mail
rPois    .         Spirit   .   (no helmet)
rElec    .         Reflect  .   (no cloak)
rCorr    .         Harm     .   u - +0 pair of gloves
MR       .....                  n - +0 pair of boots
Stlth    +.........             (no amulet)
HPRegen  0.18/turn              (no ring)
MPRegen  0.10/turn              (no ring)

@: no status effects
A: thin skeletal structure 2
a: no special abilities


You were on level 5 of the Dungeon.
You were not hungry.

You visited 1 branch of the dungeon, and saw 6 of its levels.

You collected 152 gold pieces.
You spent 42 gold pieces at shops.

Inventory:

Hand Weapons
 a - a +1 long sword (weapon)
 g - a +1 spear of freezing
Armour
 b - a +0 scale mail (worn)
 c - a +1 shield (worn)
 n - a +0 pair of boots (worn)
 u - a +0 pair of gloves (worn)
Scrolls
 k - 2 scrolls of enchant weapon
 p - a scroll of fog
Potions
 d - a potion of might
 e - a potion of mutation
 h - a potion of magic {unknown}
 l - 2 potions of brilliance
 o - 2 potions of curing
 r - a potion of cancellation {unknown}
Comestibles
 f - 4 rations


   Skills:
 + Level 4.0 Fighting
 + Level 5.1 Long Blades
 + Level 4.4 Armour
 + Level 1.5 Dodging
 + Level 0.3 Stealth
 + Level 4.1 Shields


You had 6 spell levels left.
You didn't know any spells.

Dungeon Overview and Level Annotations

Branches:
Dungeon (6/15)
 Temple: D:4-7

Altars:
Dithmenos
Hepliaklqana

Shops:
D:6 !

Annotations:
D:4 Peloso's ghost, amateur DsFi
D:5 Menkaure


Innate Abilities, Weirdness & Mutations

You have a moderately thin skeletal structure. (Dex +4, Stealth+)


Message History

Menkaure is moderately damaged.
Menkaure closely misses you.
You riposte.
You hit Menkaure.
Menkaure is moderately damaged.
You hit Menkaure.
Menkaure is heavily damaged.
You block Menkaure's attack. Menkaure hits you.
Your shield and scale mail prevent you from hitting Menkaure.
Menkaure is heavily damaged.
Menkaure calls on the powers of darkness!
Your body is wracked with pain!
* * * LOW HITPOINT WARNING * * *
You block Menkaure's attack.
You hit Menkaure but do no damage.
Menkaure is heavily damaged.
Menkaure gestures at you while chanting.
You struggle to resist.
You hit Menkaure.
Menkaure is heavily damaged.
You block Menkaure's attack. Menkaure hits you!
You die...

#..##.....####
+.........#..##
#[........<...#
#.............#
#........##..######
#........##(.##...##
#..##....##........#
#..##....##...)....#
#..M@....##.[##...##
#...)....##..##...#
#..###+####..#.....#
#+###....##..#.....#
#............#<....#
#............#.....'
#..####..##..#.....#.
#..####..##..#
########
#........#####


You could see Menkaure.

Vanquished Creatures
  A sky beast (D:5)
  2 phantoms
  A bullfrog (D:6)
  2 scorpions (D:6)
  A crimson imp (D:5)
  2 iguanas
  4 orc wizards
  A worker ant (D:4)
  2 adders
  2 oozes
  2 worms (D:2)
  A dart slug (D:1)
  2 leopard geckos
  4 orcs
  4 ball pythons
  11 bats
  4 giant cockroaches
  3 goblins
  5 hobgoblins
  4 jackals
  A quokka (D:2)
  6 frilled lizards
  7 kobolds
  2 rats
74 creatures vanquished.

Notes
Turn   | Place    | Note
-------+----------+-------------------------------------------
     0 | D:1      | Peloso the Demonspawn Fighter began the quest for the Orb.
     0 | D:1      | Reached XP level 1. HP: 18/18 MP: 1/1
    64 | D:1      | Gained mutation: You have a somewhat thin skeletal structure. (Dex +2, Stealth) [demonic ancestry]
    64 | D:1      | Reached XP level 2. HP: 20/24 MP: 2/2
   420 | D:1      | Reached skill level 2 in Long Blades
   431 | D:1      | Reached XP level 3. HP: 29/29 MP: 3/3
   697 | D:2      | Found a hazy altar of Hepliaklqana.
   749 | D:2      | You fall through a shaft for 2 floors!
   823 | D:4      | Found a shadowy altar of Dithmenos.
   996 | D:2      | Gained mutation: You have a moderately thin skeletal structure. (Dex +4, Stealth+) [demonic ancestry]
   996 | D:2      | Reached XP level 4. HP: 21/35 MP: 4/4
  1846 | D:3      | You fall through a shaft for 3 floors!
  1873 | D:6      | Reached skill level 3 in Long Blades
  1883 | D:6      | Reached skill level 1 in Dodging
  1883 | D:6      | Reached XP level 5. HP: 3/41 MP: 5/5
  1883 | D:6      | HP: 2/41 [poisoned by a scorpion]
  2143 | D:6      | Found Bygudgh's Distillery.
  2162 | D:6      | Reached XP level 6. HP: 35/47 MP: 6/6
  2181 | D:6      | Bought a potion of curing for 42 gold pieces
  2267 | D:6      | Reached skill level 4 in Long Blades
  2272 | D:5      | Entered Level 5 of the Dungeon
  2554 | D:5      | Noticed a sky beast
  2580 | D:5      | Killed a sky beast
  2580 | D:5      | Reached XP level 7. HP: 15/53 MP: 7/7
  2977 | D:4      | Reached skill level 5 in Long Blades
  3043 | D:4      | Noticed Peloso's ghost (amateur DsFi)
  3072 | D:5      | Noticed Menkaure
  3079 | D:5      | Slain by Menkaure

Skill      XL: |  1  2  3  4  5  6  7 |
---------------+----------------------+-----
Shields        | 3 4 |  4.1
Armour         | 3 4 |  4.4
Long Blades    | 2 3 4 5 |  5.1
Dodging        | 1 |  1.5
Fighting       | 4 |  4.0
Stealth        | |  0.3

Action                   |  1- 3 |  4- 6 |  7- 9 || total
-------------------------+-------+-------+-------++-------
Melee: Long sword        |   110 |   165 |    64 ||   339
  Use: Potion            |     1 |     1 |       ||     2
       Scroll            |       |    10 |       ||    10
 Stab: Sleeping          |       |     1 |       ||     1
  Eat: Chunk             |       |     3 |     1 ||     4
       Ration            |       |     1 |       ||     1
Armor: Scale mail        |    72 |    65 |    19 ||   156
Dodge: Dodged            |    36 |    34 |    16 ||    86
Block: Shield            |    81 |    90 |    28 ||   199
       Rpst.: Long sword |    12 |    14 |     5 ||    31
